 Dungeon Crawl Stone Soup version 0.30-a0-169-g06f667207d (webtiles) character file.

Game seed: 15199239948291333131

105 qw the Chopper (level 4, 0/28 HPs)
             Began as a Gargoyle Fighter on Sept 29, 2022.
             Slain by a blizzard demon (13 damage)
             ... on level 1 of the Abyss.
             The game lasted 00:00:51 (2769 turns).

qw the Chopper (Gargoyle Fighter)                   Turns: 2769, Time: 00:00:51

Health: 0/28       AC: 12    Str: 20 (22) XL:     4   Next: 81%
Magic:  4/4        EV:  7    Int:  8      God:
Gold:   135        SH:  4    Dex:  9      Spells: 3/3 levels left

rFire   . . .      SeeInvis .    Y - +0 war axe (chaos)
rCold   . . .      Faith    .    c - +0 buckler
rNeg    + . .      Spirit   .    n - +0 chain mail
rPois   inf        Reflect  .    (no helmet)
rElec   +          Harm     .    (no cloak)
rCorr   .          Rampage  .    (no gloves)
Will    .....                    (no boots)
Stlth   ..........               (no amulet)
HPRegen 0.09/turn                (no ring)
MPRegen 0.09/turn                (no ring)

@: no status effects
A: sickness immunity, AC +3, negative energy resistance 1, electricity
resistance, torment resistance 1, petrification resistance
a: no special abilities


You were on level 1 of the Abyss.
You visited 1 branch of the dungeon, and saw 3 of its levels.
You visited the Abyss 1 time.

You collected 135 gold pieces.


Innate Abilities, Weirdness & Mutations

You are immune to sickness and miasma.
Your stone body is resilient. (AC +3)
You are immune to poison.
You resist negative energy. (rN+)
You are resistant to electric shocks. (rElec)
You are resistant to unholy torment.
You are immune to petrification.


   Skills:
 - Level 3.2 Fighting
 + Level 4.4 Axes
 - Level 3.2 Armour
 - Level 3.2 Shields


You had 3 spell levels left.
You didn't know any spells.
Your spell library was empty.

Inventory:

Hand Weapons
 f - a +0 mace
 Y - a +0 war axe of chaos (weapon)
Armour
 c - a +0 buckler (worn)
 n - a +0 chain mail (worn)
Scrolls
 h - 3 scrolls of teleportation
Potions
 a - a potion of cancellation {unknown}
 b - a potion of ambrosia {unknown}
 d - a potion of might
 e - 2 potions of curing
 g - a potion of berserk rage {unknown}
 i - a potion of brilliance {unknown}
 k - 2 potions of haste

Dungeon Overview and Level Annotations

Branches:
Dungeon (3/15)

Altars:


Message History

You barely miss the adder.
The adder is lightly wounded.
The adder bites you but does no damage.
You slash the adder!
You kill the adder!
You feel your intelligence returning.
You start resting.
HP restored.
i - a black potion
There is an open door, spattered with blood here.
You see here a +0 dagger.
You open the door.
There is an open door here.
Found a scroll of fog.
A ball python comes into view.
The ball python hisses angrily.
An orc comes into view. It is wielding a +2 whip of distortion.
2721 ||| Stepping ~*~*~tactically~*~*~ (stealth).
You slash the ball python!
You kill the ball python!
You hit the orc. You freeze the orc.
The orc is severely wounded.
The orc hits you but does no damage.
You are cast into the Abyss!
This branch contains the abyssal rune of Zot.
Found a corrupted altar of Lugonu.
2736 ||| DRINKING 3 inky potions.
It was a potion of curing.
You feel better.
The blizzard demon shouts!
The blizzard demon gestures at you. The bolt of lightning misses you.
You closely miss the blizzard demon.
The blizzard demon completely misses you.
The blizzard demon hits you but does no damage.
You slash the blizzard demon! You burn the blizzard demon.
The blizzard demon is moderately wounded.
The blizzard demon hits you. The blizzard demon hits you!
You hit the blizzard demon but do no damage.
The blizzard demon is moderately wounded.
The blizzard demon hits you!
You die...

.. ....... ...
.....#. ...##
......# ....#.
....... ......
.......
....#.##.......
..........#
#.#.......##
.......@...#
......2_..##
.##.####### ...
... ..


You could see a blizzard demon.

Vanquished Creatures
  Jessica (D:2)
  3 adders
  A dart slug (D:1)
  An orc (D:3)
  3 ball pythons
  2 bats (D:1)
  8 endoplasms
  2 giant cockroaches
  6 hobgoblins
  2 jackals (D:1)
  5 kobolds
  2 quokkas
  2 frilled lizards (D:2)
  5 goblins
  3 rats (D:1)
46 creatures vanquished.

Notes
Turn   | Place    | Note
-------+----------+-------------------------------------------
     0 | D:1      | qw the Gargoyle Fighter began the quest for the Orb.
     0 | D:1      | Reached XP level 1. HP: 14/14 MP: 1/1
     0 | D:1      | 0 ||| qw: Version: 0.2-a-12-gaebbb33
     0 | D:1      | 0 ||| qw: Game counter: 1334
     0 | D:1      | 0 ||| qw: Always use a shield: true
     0 | D:1      | 0 ||| qw: God list: Okawaru
     0 | D:1      | 0 ||| qw: Allow faded altars: false
     0 | D:1      | 0 ||| qw: Do Orc after D:15 true
     0 | D:1      | 0 ||| qw: Do second Lair branch before Depths: true
     0 | D:1      | 0 ||| qw: Lair rune preference: random
     0 | D:1      | 0 ||| qw: Plans: Normal, Zot:1-4, God:TSO, Crypt, Tomb,
                  | Pan, Slime:5, Hells, Abyss, Orb
     0 | D:1      | 0 ||| PLANNING D:1-11
    68 | D:1      | Reached skill level 2 in Axes
   145 | D:1      | Reached XP level 2. HP: 15/19 MP: 2/2
   344 | D:1      | 344 ||| Stepping ~*~*~tactically~*~*~ (stealth).
   345 | D:1      | 345 ||| Stepping ~*~*~tactically~*~*~ (stealth).
   347 | D:1      | 347 ||| Stepping ~*~*~tactically~*~*~ (stealth).
   348 | D:1      | 348 ||| Stepping ~*~*~tactically~*~*~ (stealth).
   631 | D:1      | 631 ||| Stepping ~*~*~tactically~*~*~ (stealth).
   638 | D:1      | 638 ||| Stepping ~*~*~tactically~*~*~ (stealth).
   645 | D:1      | Reached skill level 3 in Axes
   706 | D:1      | Reached XP level 3. HP: 17/23 MP: 3/3
   845 | D:1      | 845 ||| Stepping ~*~*~tactically~*~*~ (stealth).
   846 | D:1      | 846 ||| Stepping ~*~*~tactically~*~*~ (stealth).
  1027 | D:1      | 1027 ||| Stepping ~*~*~tactically~*~*~ (stealth).
  1318 | D:1      | 1318 ||| UPGRADING to +0 chain mail.
  1328 | D:1      | 1328 ||| DROPPING +0 scale mail.
  1329 | D:1      | 1329 ||| DROPPING ring of flight.
  1330 | D:1      | 1330 ||| READING scroll labelled ZIXUCZ RIDOI.
  1331 | D:1      | 1331 ||| READING 2 scrolls labelled NILATA YTEHUD.
  1335 | D:1      | 1335 ||| READING scroll labelled LICIOGU QUNELECH.
  1336 | D:1      | 1336 ||| READING scroll labelled ENWUISUCWE.
  1337 | D:1      | 1337 ||| DRINKING 2 viscous cyan potions.
  1338 | D:1      | 1338 ||| DROPPING potion of degeneration.
  1845 | D:2      | Reached XP level 4. HP: 27/28 MP: 4/4
  1909 | D:2      | Found a faded altar of an unknown god.
  2094 | D:2      | Noticed Jessica
  2098 | D:2      | Killed Jessica
  2099 | D:2      | Reached skill level 4 in Axes
  2262 | D:2      | 2262 ||| READING 2 scrolls of brand weapon.
  2262 | D:2      | 2262 ||| BRANDING +0 war axe of freezing.
  2263 | D:2      | 2263 ||| READING scroll of brand weapon.
  2263 | D:2      | 2263 ||| BRANDING +0 war axe of venom.
  2721 | D:3      | 2721 ||| Stepping ~*~*~tactically~*~*~ (stealth).
  2735 | Abyss:1  | Found a corrupted altar of Lugonu.
  2735 | Abyss:1  | Cast into level 1 of the Abyss (orc)
  2736 | Abyss:1  | 2736 ||| DRINKING 3 inky potions.
  2765 | Abyss:1  | Noticed a blizzard demon
  2769 | Abyss:1  | Slain by a blizzard demon

Levels and vault maps discovered:
D:1:      saegor_arrival_fortress, layout_basic, st_stairs_14,
          minmay_tetromino_o2
D:2:      layout_basic, dreamdust_ecumenical_altar_angels_and_demons,
          chequers_serial_rivers_small_b, minmay_misc_feat_ornament,
          lemuel_flame_loot_1, uniq_jessica
D:3:      layout_basic, uniq_natasha
Abyss:1:  base:
D:1

Skill      XL: |  1  2  3  4 |
---------------+-------------+-----
Axes           | 2 3 4 |  4.4
Fighting       | |  3.2
Armour         | |  3.2
Shields        | |  3.2

Action                   |  1- 3 |  4- 6 || total
-------------------------+-------+-------++-------
Melee: War axe           |    93 |    34 ||   127
  Use: Scroll            |     4 |     2 ||     6
       Potion            |     1 |     1 ||     2
Armor: Scale mail        |    21 |       ||    21
       Chain mail        |    25 |    19 ||    44
Dodge: Dodged            |    37 |     6 ||    43
Block: Buckler           |    15 |     4 ||    19

Table legend:
 A = Non-vault XP
 B = Vault XP
 C = Vault XP percentage of total XP
 D = Non-vault monster count
 E = Vault monster count
 F = Vault count percentage of total count
                 A         B        C        D         E       F
            +---------+---------+-------+---------+---------+-------
      Total |     109 |      41 |  27.3 |      42 |       4 |   8.7
            +---------+---------+-------+---------+---------+-------
        D:1 |      41 |       4 |   8.9 |      22 |       3 |  12.0
        D:2 |      47 |      37 |  44.0 |      15 |       1 |   6.2
        D:3 |      21 |       0 |   0.0 |       5 |       0 |   0.0
            +---------+---------+-------+---------+---------+-------
